 Dungeon Crawl Stone Soup version 0.29-a0-559-g359e09b9d1 (webtiles) character file.

Game seed: 3647254382842455272

371 Pelinal the Magician (level 6, -1/32 HPs)
             Began as a Deep Elf Fire Elementalist on June 10, 2022.
             Was a Follower of Kikubaaqudgha.
             Slain by an ice beast (9 damage)
             ... on level 5 of the Dungeon.
             The game lasted 00:07:24 (5610 turns).

Pelinal the Magician (Deep Elf Fire Elementalist)   Turns: 5610, Time: 00:07:25

Health: -1/32      AC:  3    Str:  5    XL:     6   Next: 42%
Magic:  1/16       EV: 13    Int: 20    God:    Kikubaaqudgha [*.....]
Gold:   201        SH:  0    Dex: 17    Spells: 8/16 levels left

rFire   . . .      SeeInvis .   h - +1 dagger (protect)
rCold   . . .      Faith    .   (no shield)
rNeg    . . .      Spirit   .   a - +0 robe
rPois   .          Reflect  .   (no helmet)
rElec   .          Harm     .   q - +0 cloak
rCorr   .          Rampage  .   (no gloves)
Will    .....                   (no boots)
Stlth   ++........              (no amulet)
HPRegen 0.10/turn               (no ring)
MPRegen 0.15/turn               (no ring)

@: no status effects
A: no striking features
a: Renounce Religion, Unearth Wretches


You were on level 5 of the Dungeon.
You worshipped Kikubaaqudgha.
Kikubaaqudgha was aware of your devotion.
You visited 1 branch of the dungeon, and saw 5 of its levels.

You collected 201 gold pieces.

Inventory:

Hand Weapons
 g - a +0 dagger
 h - a +1 dagger of protection (weapon)
Missiles
 c - 159 stones
 k - 8 poisoned darts
Armour
 a - a +0 robe (worn)
 q - a +0 cloak (worn)
Scrolls
 d - a scroll of amnesia {unknown}
 e - 2 scrolls of immolation
 f - 2 scrolls of poison {unknown}
 j - a scroll of vulnerability {unknown}
 m - a scroll of magic mapping {unknown}
 n - 2 scrolls of teleportation {unknown}
 r - 3 scrolls of identify {unknown}
Potions
 b - a potion of haste {unknown}
 i - a potion of curing {unknown}
 l - a potion of attraction {unknown}
 o - 2 potions of lignification {unknown}
 p - a potion of flight {unknown}
 s - a potion of degeneration {unknown}


   Skills:
 - Level 2.6 Dodging
 - Level 2.6 Stealth
 + Level 5.5 Spellcasting
 - Level 4.2 Conjurations
 + Level 2.9 Necromancy
 - Level 4.4 Fire Magic


You had 8 spell levels left.
You knew the following spells:

 Your Spells              Type           Power      Damage    Failure   Level
a - Foxfire               Conj/Fire      88%        2x1d8     1%          1
b - Scorch                Fire           46%        2d7       2%          2
c - Conjure Flame         Conj/Fire      22%        6-21      5%          3
g - Sublimation of Blood  Necr           17%        N/A       4%          2

Your spell library contained the following spells:

 Spells                   Type           Power      Damage    Failure   Level
 Necrotize                Necr           68%        1d7       3%          1
 Vampiric Draining        Necr           17%        2d7       10%         3
 Inner Flame              Hex/Fire       14%        N/A       13%         3
 Flame Wave               Conj/Fire      22%        2d7       19%         4
 Animate Dead             Necr           17%        N/A       32%         4


Dungeon Overview and Level Annotations

Branches:
Dungeon (5/15)
 Temple: D:4-7

Altars:
Dithmenos
Elyvilon
Kikubaaqudgha
Qazlal
Wu Jian

Annotations:
D:3 Robin
D:4 2 transporters, DamienQuinn's ghost, amateur TrBe


Message History

Confirm with . or Enter, or press ? or * to list all spells.
You conjure some foxfire!
Your foxfire dissipates!
The foxfire hits the ice beast but does no damage.
Casting: Foxfire (safe; 1% risk of failure)
Confirm with . or Enter, or press ? or * to list all spells.
You conjure some foxfire!
The foxfire hits the ice beast.
The ice beast is lightly wounded.
The foxfire hits the ice beast.
The ice beast melts!
The ice beast is moderately wounded.
You see here a +0 war axe.
Unknown command.
Casting: Foxfire (safe; 1% risk of failure)
Confirm with . or Enter, or press ? or * to list all spells.
Flames lash the ice beast.
The ice beast melts!
The ice beast is heavily wounded.
The ice beast's fire resistance burns away.
The ice beast misses you.
Unknown command.
Casting: Scorch (safe; 2% risk of failure)
Confirm with . or Enter, or press ? or * to list all spells.
Flames lash the ice beast.
The ice beast is severely wounded.
The ice beast barely misses you.
Unknown command.
Casting: Scorch (safe; 2% risk of failure)
Confirm with . or Enter, or press ? or * to list all spells.
Flames lash the ice beast but do no damage.
The ice beast hits you. The ice beast freezes you!
Unknown command.
Casting: Scorch (safe; 2% risk of failure)
Confirm with . or Enter, or press ? or * to list all spells.
Flames lash the ice beast.
The ice beast melts!
The ice beast is almost dead.
The ice beast hits you.
* * * LOW HITPOINT WARNING * * *
The ice beast freezes you!
You die...
Kikubaaqudgha rasps: "You have failed me!
Welcome... death!"

.. ....##.. ...
#.. ...... ....
#..##....##....
#..............
....?.......(..
#............
##..........
#?.<@.=..#
##..Y....#
##...$.##
#......#
#....)....#
#........##....
#.##......
..... .
##.#..#....##
###.##.##...


You could see an ice beast (combustible).

Vanquished Creatures
  A centaur (D:5)
  A phantom (D:4)
  A hound (D:4)
  An orc wizard (D:3)
  5 adders
  2 worms
  2 dart slugs (D:1)
  11 orcs
  6 ball pythons
  4 bats
  3 endoplasms
  5 giant cockroaches
  9 goblins
  15 hobgoblins
  9 jackals
  6 kobolds
  4 quokkas
  4 frilled lizards
  8 rats
97 creatures vanquished.

Vanquished Creatures (others)
  165 foxfires
165 creatures vanquished.

Grand Total: 262 creatures vanquished

Notes
Turn   | Place    | Note
-------+----------+-------------------------------------------
     0 | D:1      | Pelinal the Deep Elf Fire Elementalist began the quest for
                  | the Orb.
     0 | D:1      | Reached XP level 1. HP: 10/10 MP: 6/6
   363 | D:1      | Reached XP level 2. HP: 15/15 MP: 5/8
   673 | D:1      | Learned a level 2 spell: Scorch
   891 | D:1      | Found a faded altar of an unknown god.
  1216 | D:1      | Reached XP level 3. HP: 19/19 MP: 6/9
  2501 | D:2      | Reached XP level 4. HP: 24/24 MP: 11/11
  2501 | D:2      | Found an ancient bone altar of Kikubaaqudgha.
  2556 | D:2      | Became a worshipper of Kikubaaqudgha
  2746 | D:2      | Reached skill level 4 in Spellcasting
  2925 | D:2      | You fall into a shaft and drop 1 floor!
  3487 | D:3      | Reached * piety under Kikubaaqudgha
  3487 | D:3      | Received a gift from Kikubaaqudgha
  3652 | D:3      | Learned a level 3 spell: Conjure Flame
  3808 | D:3      | Found an ornate altar of the Wu Jian Council.
  3821 | D:3      | Reached XP level 5. HP: 27/28 MP: 9/13
  4470 | D:3      | Noticed Robin
  4611 | D:4      | Learned a level 2 spell: Sublimation of Blood
  4729 | D:4      | Found a transporter.
  4750 | D:4      | Noticed DamienQuinn's ghost (amateur TrBe)
  4764 | D:4      | Found a transporter.
  4775 | D:4      | Found a stormy altar of Qazlal.
  5019 | D:4      | Found a white marble altar of Elyvilon.
  5119 | D:4      | Reached skill level 1 in Necromancy
  5411 | D:4      | Found a shadowy altar of Dithmenos.
  5411 | D:4      | Noticed a phantom
  5430 | D:4      | Killed a phantom
  5431 | D:4      | Reached skill level 5 in Spellcasting
  5431 | D:4      | Reached XP level 6. HP: 32/32 MP: 8/15
  5594 | D:5      | Entered Level 5 of the Dungeon
  5599 | D:5      | Noticed an ice beast
  5610 | D:5      | Slain by an ice beast

Illustrated notes

Levels and vault maps discovered:
D:1:      minmay_arrival_shattered_statue, layout_loops_corners,
          dreamdust_ecumenical_altar_hidden_monk_grotto
D:2:      layout_loops_cross, basic_altar
D:3:      layout_loops_corners, nicolae_wu_jian_wuxing_cycle, uniq_robin
D:4:      layout_cave_pods, nicolae_qazlal_general_emergency,
          mainiacjoe_overflow_boulevard, nicolae_elyvilon_peaceful_grove,
          gammafunk_ghost_stat_death
D:5:      layout_cave_pools, serial_shops, shop_fountains, shop, shop_fountains,
          nicolae_shop_crystal, shop, minmay_misc_feat_doors,
          kennysheep_generic_room_9

Skill      XL: |  1  2  3  4  5 |
---------------+----------------+-----
Conjurations   | 2 3 4 |  4.2
Spellcasting   | 4 5 |  5.5
Fire Magic     | 4 |  4.4
Necromancy     | 2 |  2.9
Dodging        | |  2.6
Stealth        | |  2.6

Action                   |  1- 3 |  4- 6 || total
-------------------------+-------+-------++-------
Melee: Dagger            |    25 |    33 ||    58
 Cast: Foxfire           |    55 |    63 ||   118
       Scorch            |    25 |    27 ||    52
       Conjure Flame     |       |     1 ||     1
  Use: Potion            |       |     1 ||     1
       Scroll            |       |     2 ||     2
 Stab: Sleeping          |     2 |     5 ||     7
Armor: Robe              |    15 |     9 ||    24
Dodge: Dodged            |    48 |    31 ||    79

Table legend: (Time is in decaauts)
 A = Elapsed time spent in this place.
 B = Non-inter-level travel time spent in this place.
 C = Inter-level travel time spent in this place.
 D = Time resting spent in this place.
 E = Time spent auto-exploring this place.
 F = Levels seen in this place.
 G = Mean time per level.
                   A        B        C        D        E       F      G
               +--------+--------+--------+--------+--------+-----+--------+
         Total |   5609 |   5403 |    206 |    578 |   3968 |   5 | 1121.8 |
       Dungeon |   5609 |   5403 |    206 |    578 |   3968 |   5 | 1121.8 |
               +--------+--------+--------+--------+--------+-----+--------+

Top non-repeatable levels by time:
     D:1: 1833 daAuts
     D:3: 1551 daAuts
     D:2: 1215 daAuts
     D:4: 993 daAuts
     D:5: 15 daAuts
